 Dungeon Crawl Stone Soup version 0.32-a0-765-gfba4d74c8c (webtiles) character file.

Game seed: 6963455451244677340

88816 Nattfarinn the Metallomancer (level 15, -32/92 HPs)
             Began as a Gargoyle Earth Elementalist on Mar 18, 2024.
             Was a High Priest of Vehumet.
             Killed from afar by Frances (56 damage)
             ... with an iron shot
             ... on level 2 of the Shoals.
             The game lasted 01:06:59 (33353 turns).

Nattfarinn the Metallomancer (GrEE)                Turns: 33353, Time: 01:07:00

Health: -32/92     AC: 34    Str: 13    XL:     15   Next: 95%
Magic:  8/33       EV: 10    Int: 37    God:    Vehumet [*****.]
Gold:   2045       SH:  0    Dex: 10    Spells: 33/42 levels left

rFire   . . .        u - +5 dire flail (venom)
rCold   . . .        (shield currently unavailable)
rNeg    + . .        N - +5 acid dragon scales
rPois   ∞            m - +2 helmet {Int+3}
rElec   +            H - +2 cloak
rCorr   +            U - +2 pair of gloves
SInv    .            f - +2 pair of boots
Will    +....        X - amulet of regeneration
Stlth   +            P - +6 ring of intelligence
HPRegen 1.15/turn    G - +6 ring of intelligence
MPRegen 0.23/turn

%: no passive effects
@: flying
A: sickness immunity, AC +11, big wings, negative energy resistance 1,
electricity resistance, torment resistance 1, petrification resistance
a: Renounce Religion


You were on level 2 of the Shoals.
You worshipped Vehumet.
Vehumet was extremely pleased with you.
You visited 4 branches of the dungeon, and saw 23 of its levels.
You also visited: Ossuary and Gauntlet.

You collected 2643 gold pieces.
You spent 598 gold pieces at shops.

Inventory:

Hand Weapons
 u - a +5 dire flail of venom (weapon)
Armour
 f - a +2 pair of boots (worn)
 m - a +2 helmet of intelligence (worn)
 H - a +2 cloak (worn)
 N - +5 acid dragon scales (worn)
 U - a +2 pair of gloves (worn)
Jewellery
 e - a ring of resist corrosion
 n - a ring of protection from cold
 s - a ring of willpower
 G - a +6 ring of intelligence (right hand)
 J - an amulet of reflection
 L - a ring of positive energy
 P - a +6 ring of intelligence (left hand)
 W - a ring of see invisible
 X - an amulet of regeneration (around neck)
 Z - a ring of magical power
Wands
 a - a wand of acid (14)
 t - a wand of mindburst (14)
 y - a wand of warping (20)
 B - a wand of digging (11)
 C - a wand of flame (37)
 E - a wand of charming (4)
 M - a wand of polymorph (3)
Scrolls
 c - 2 scrolls of vulnerability
 d - 3 scrolls of immolation
 g - 7 scrolls of teleportation
 h - 5 scrolls of noise
 i - a scroll of silence
 l - 3 scrolls of identify
 o - 2 scrolls of fear
 q - 5 scrolls of butterflies
 r - a scroll of amnesia
 w - 2 scrolls of brand weapon
 A - 4 scrolls of fog
 I - a scroll of torment
 R - a scroll of enchant armour
Potions
 b - 2 potions of magic
 j - 12 potions of curing
 k - 5 potions of attraction
 p - 6 potions of haste
 v - 7 potions of enlightenment
 x - a potion of mutation
 z - 5 potions of heal wounds
 D - 2 potions of ambrosia
 K - 3 potions of might
 O - a potion of berserk rage {unknown}
 Q - a potion of cancellation
 S - a potion of invisibility {unknown}
 T - 3 potions of brilliance
 V - a potion of degeneration {unknown}
Miscellaneous
 F - a phial of floods


   Skills:
 - Level 10.0 Fighting
 - Level 10.5 Maces & Flails
 - Level 1.5 Dodging
 - Level 2.1 Stealth
 + Level 14.3 Spellcasting
 - Level 5.3 Conjurations
 * Level 21.7 Earth Magic


You had 33 spell levels left.
You knew the following spells:

 Your Spells              Type           Power      Damage    Failure   Level
a - Sandblast             Erth           100%       2d20      0%          1
b - Stone Arrow           Conj/Erth      100%       3d13      0%          3
c - Borgnjor's Vile Clut  Necr/Erth      41%        N/A       1%          5

Your spell library contained the following spells:

 Spells                   Type           Power      Damage    Failure   Level
 Airstrike                Air            13%        2d(2-18)  5%          4
 Passwall                 Erth           100%       N/A       0%          3
 Necrotise                Necr           100%       1d9       1%          1
 Slow                     Hex            100%       N/A       1%          1
 Momentum Strike          Conj/Tloc      92%        3d10      1%          2
 Scorch                   Fire           52%        2d7       1%          2
 Dazzling Flash           Conj/Hex       92%        N/A       1%          3
 Mephitic Cloud           Conj/Alch/Air  39%        N/A       1%          3
 Brom's Barrelling Bould  Conj/Erth      91%        2d10      1%          4
 Flame Wave               Conj/Fire      46%        2d12      1%          4
 Petrify                  Alch/Erth      82%        N/A       1%          4
 Ensorcelled Hibernation  Hex/Ice        52%        N/A       3%          2
 Lesser Beckoning         Tloc           52%        N/A       3%          2
 Irradiate                Conj/Alch      23%        3d19      5%          5
 Confusing Touch          Hex            26%        N/A       6%          3
 Fugue of the Fallen      Necr           26%        N/A       6%          3
 Gell's Gravitas          Tloc           26%        N/A       6%          3
 Swiftness                Air            26%        N/A       6%          3
 Teleport Other           Tloc           26%        N/A       6%          3
 Tukima's Dance           Hex            26%        N/A       6%          3
 Vampiric Draining        Necr           26%        2d7       6%          3
 Lehudib's Crystal Spear  Conj/Erth      45%        10d11     13%         8
 Yara's Violent Unravell  Hex/Alch       13%        3d7       16%         5
 Anguish                  Hex/Necr       13%        N/A       21%         4
 Animate Dead             Necr           26%        N/A       21%         4
 Dispel Undead            Necr           26%        3d13      21%         4
 Martyr's Knell           Necr/Summ      26%        N/A       21%         4
 Passage of Golubria      Tloc           26%        N/A       21%         4
 Summon Blazeheart Golem  Fire/Summ      26%        N/A       21%         4
 Alistair's Intoxication  Alch           17%        N/A       50%         5
 Curse of Agony           Necr           26%        N/A       50%         5
 Silence                  Hex/Air        13%        N/A       50%         5
 Death Channel            Necr           13%        N/A       97%         6
 Sculpt Simulacrum        Ice/Alch       13%        N/A       97%         6
 Summon Cactus Giant      Summ           13%        N/A       97%         6
 Ozocubu's Refrigeration  Ice            13%        4d10      98%         7
 Haunt                    Necr/Summ      13%        N/A       100%        7
 Malign Gateway           Summ/Tloc      13%        N/A       100%        7
 Borgnjor's Revivificati  Necr           13%        N/A       100%        8
 Death's Door             Necr           13%        N/A       100%        9
 Polar Vortex             Ice            13%        12d1*     100%        9


Dungeon Overview and Level Annotations

Branches:
Dungeon (15/15)            Temple (1/1) D:6            Lair (5/5) D:11
 Shoals (2/4) Lair:3       Spider (0/4) Lair:2        Slime (0/5) Lair:4
    Orc (0/2) D:10         Vaults (0/5) D:13         Depths (0/4) D:15
Ossuary (visited)         Gauntlet (visited)

Altars:
Ashenzari
Cheibriados
Dithmenos
Elyvilon
Fedhas
Gozag
Hepliaklqana
Kikubaaqudgha
Makhleb
Nemelex Xobeh
Okawaru
Qazlal
Ru
Sif Muna
Trog
Uskayaw
Vehumet
Wu Jian
Xom
Yredelemnul
Zin
The Shining One
Jiyva

Shops:
D:2 [??[=   D:3 !   D:4 (   D:10 =   D:15 (   Shoals:1 [

Portals:
Hell: Lair:5
Trove: D:12 (give 4 scrolls of blinking)

Annotations:
D:15 3 runed translucent doors, kuniqs's ghost, journeyman CoGl
Lair:1 exclusion: oklob plant
Lair:2 1 runed translucent door, flinch's ghost, journeyman DsFi
Lair:4 3 runed translucent doors, Oria's ghost, journeyman GnSh
Shoals:2 Frances


Innate Abilities, Weirdness & Mutations

You are immune to sickness and miasma.
Your stone body is resilient. (AC +11)
You are immune to poison.
Your large and strong wings let you fly.
You resist negative energy. (rN+)
You are resistant to electric shocks. (rElec)
You are resistant to unholy torment.
You are immune to petrification.


Message History

You break out of your daze!
You kill the merfolk siren!
Vehumet accepts your kill.
You feel your power returning.
The merfolk shouts!
The merfolk impaler shouts!
Frances, Duchess of Pandemonium comes into view.
She is wielding a +0 trident.
Frances shouts!
The stone arrow hits Frances!
Frances is lightly wounded.
Frances whispers indecipherable words.
The shard of ice misses you.
The stone arrow misses Frances.
The stone arrow hits Frances!
Frances is moderately wounded.
The stone arrow hits Frances!!
Frances is moderately wounded.
The stone arrow hits Frances!
Frances is heavily wounded.
The stone arrow hits Frances!
Frances is heavily wounded.
The stone arrow hits Frances!
Frances is severely wounded.
Frances screams a word of power!
Frances seems to speed up.
The stone arrow hits Frances!
Frances is severely wounded.
Frances sneers.
Frances barely misses you.
Frances chants phrases taken from a devil's mouth.
The shard of ice hits you!!
The stone arrow hits Frances!!
Frances is almost dead.
Frances mutters in a terrible tongue.
The shard of ice hits you!!!
* * * LOW HITPOINT WARNING * * *
Frances whispers indecipherable words. x2
The iron shot hits you!!!
Ouch! That really hurt!
You die...

..##≈........~........~~≈≈≈≈
# #≈≈.....~~~~~..###..~~~≈≈≈
≈≈≈.....~~≈~~†..# ##.~~~≈≈≈
........~~≈~~~..####..~~≈≈≈
####
.^....~~~≈~~~...##...~~≈≈≈
~~~#
....~~~~≈≈≈~~~..#..~~≈≈≈≈
~)~#
~~~~~~~≈≈≈≈≈≈~~..~~≈≈≈≈≈
~~~#
~~~~~~≈≈≈≈≈≈≈~~~~~~≈≈≈≈≈
~~##
~~~~~~≈@≈≈≈≈≈~~~~~≈≈≈≈≈≈ ≈##
~~~~~≈≈≈≈≈≈≈≈≈≈≈≈≈≈≈≈≈≈≈ ~+
~~~~≈≈≈≈≈≈≈≈≈≈≈≈≈≈≈≈≈≈≈≈ ≈##
~~~~≈≈≈≈@~~~~≈≈≈≈≈≈≈≈≈≈≈
~~##
~~~~≈≈≈≈~~4~~≈≈≈≈≈~~~≈≈≈
~~~#
~~~~~≈≈≈~~~~~~~~≈~~.~~≈≈
~~~#
~~~~~~~~~~~~~~~~~~~~~≈≈≈
.~~#
≈~~~.##.~~~~~...~~~~~≈≈≈
#### ≈≈~.#
..~~~~.....~~~~≈≈≈


You could see Frances (fast) and a hellwing (summoned).

Vanquished Creatures
  Jorgrun (D:15)
  An ironbound preserver (D:13)
  Nessos (D:12)
  A dire elephant (Lair:5)
  A minotaur (Gauntlet)
  An entropy weaver (D:13)
  4 hydras
  A hell beast (Lair:5)
  A rakshasa (D:15)
  Erica (D:9)
  2 centaur warriors
  A boulder beetle (Lair:2)
  3 merfolk aquamancers (Shoals:1)
  2 catoblepae (Shoals:1)
  3 merfolk avatars
  4 two-headed ogres
  3 death yaks (Lair:4)
  Sonja (D:12)
  Lodul (D:10)
  2 fire crabs (Shoals:1)
  10 sea snakes (Shoals:1)
  A lindwurm (Lair:2)
  An arcanist (Lair:5)
  A necromancer (D:15)
  3 harpies (Shoals:2)
  4 deep elf pyromancers
  3 fauns (Shoals:1)
  2 oklob plants (Lair:1)
  9 manticores
  A moth of wrath (Gauntlet)
  8 merfolk sirens
  A meliai (shapeshifter) (D:13)
  A cyclops (D:11)
  Joseph (D:10)
  A black mamba (shapeshifter) (D:14)
  Maurice (D:9)
  A meliai (Lair:2)
  5 black mambas
  10 elephants (Lair:5)
  An ice statue (Gauntlet)
  4 orange demons (Lair:5)
  A smoke demon (Lair:5)
  A torpor snail (Gauntlet)
  A gargoyle (D:12)
  8 cane toads
  5 rime drakes
  An unseen horror (D:12)
  Maggie (Lair:1)
  2 centaur skeletons (D:15)
  11 komodo dragons
  5 tengu conjurers
  A red devil (Lair:5)
  2 freezing wraiths (D:14)
  An ice devil (Lair:5)
  4 trolls
  11 merfolk (Shoals:1)
  A wolf spider simulacrum (D:15)
  3 polar bears
  A raiju (Gauntlet)
  2 wind drakes
  A snapping turtle (Shoals:1)
  4 dream sheep
  2 hornets
  14 blink frogs
  4 slime creatures
  A shadow (D:9)
  35 yaks
  5 water elementals
  5 wraiths
  A fire bat (Shoals:1)
  3 wyverns
  16 vampire mosquitoes
  4 basilisks
  3 steam dragons
  2 acid dragons
  10 water moccasins
  3 hell hounds (Lair:5)
  A black bear (D:5)
  An ice beast (D:5)
  6 laughing skulls
  11 ogres
  5 orc warriors
  4 phantoms
  25 wolves
  A centaur (D:8)
  2 elf zombies (Ossuary)
  7 kobold brigands
  Blork the orc (D:4)
  13 bullfrogs
  2 gnoll sergeants
  4 scorpions
  4 wights (D:7)
  6 killer bees
  16 jellies
  5 electric eels
  6 howler monkeys
  3 centaur zombies (Ossuary)
  2 human zombies (Ossuary)
  A bombardier beetle (D:3)
  9 orc priests
  3 gnoll boudas
  2 hounds (D:5)
  Natasha (thrice) (D:4)
  A sleepcap (D:5)
  2 iguanas (D:5)
  15 orc wizards
  4 hound zombies (Ossuary)
  2 mummies (Ossuary)
  Robin (D:4)
  20 gnolls
  11 adders
  4 white imps
  2 ufetubi (D:3)
  6 adder zombies (Ossuary)
  3 dart slugs (D:4)
  A ribbon worm (D:3)
  43 orcs
  2 ball pythons (D:2)
  4 endoplasms
  6 giant cockroaches
  6 gnoll zombies (Ossuary)
  12 goblins
  5 hobgoblins
  43 kobolds
  5 bats
  4 frilled lizards
  5 jackal zombies (Ossuary)
  5 kobold zombies (Ossuary)
  4 orc zombies (Ossuary)
  4 rats
642 creatures vanquished.

Vanquished Creatures (others)
  A merfolk aquamancer (Shoals:1)
  An orc wizard (D:10)
2 creatures vanquished.

Grand Total: 644 creatures vanquished

Notes
Turn   | Place    | Note
-------+----------+-------------------------------------------
     0 | D:1      | Nattfarinn the Gargoyle Earth Elementalist began the quest
                  | for the Orb.
     0 | D:1      | Reached XP level 1. HP: 10/10 MP: 3/3
   150 | D:1      | Reached skill level 4 in Earth Magic
   185 | D:1      | Reached XP level 2. HP: 15/15 MP: 1/5
   481 | D:2      | Found Daygg's Magic Scroll Boutique.
   496 | D:2      | Bought a scroll of identify for 20 gold pieces
   616 | D:2      | Found Fyozofou's Armour Shoppe.
   621 | D:2      | Reached skill level 5 in Earth Magic
   621 | D:2      | Reached XP level 3. HP: 19/19 MP: 3/6
   692 | D:2      | Found Cuitead's Antique Armour Boutique.
   845 | D:2      | Found Jiuras's Jewellery Shoppe.
   996 | D:2      | Found Geylarat's Magic Scroll Emporium.
  1386 | D:3      | Reached XP level 4. HP: 24/24 MP: 3/7
  1566 | D:3      | Reached skill level 6 in Earth Magic
  1601 | D:3      | Found Potic's Distillery.
  2093 | D:3      | Reached XP level 5. HP: 2/28 MP: 3/8
  2207 | D:4      | Reached skill level 7 in Earth Magic
  2287 | D:4      | Noticed Blork the orc
  2356 | D:4      | Learned a level 3 spell: Stone Arrow
  3197 | D:4      | Noticed Natasha
  3198 | D:4      | Killed Natasha
  3199 | D:4      | Reached XP level 6. HP: 32/32 MP: 8/10
  3325 | D:4      | Noticed Robin
  3384 | D:4      | Noticed Natasha
  3420 | D:4      | Killed Natasha
  3586 | D:4      | Killed Robin
  4037 | D:4      | Killed Blork the orc
  4038 | D:4      | Reached XP level 7. HP: 26/36 MP: 9/14
  4126 | D:4      | Reached skill level 5 in Spellcasting
  4157 | D:4      | Found Bechiah's Antique Weapon Shoppe.
  4242 | D:4      | Noticed Natasha
  4246 | D:4      | Killed Natasha
  4561 | D:5      | Entered Level 5 of the Dungeon
  4614 | D:5      | Reached XP level 8. HP: 41/41 MP: 14/18
  5071 | D:5      | Reached skill level 1 in Fighting
  5235 | D:6      | Found a staircase to the Ecumenical Temple.
  5322 | D:6      | Reached XP level 9. HP: 38/52 MP: 12/21
  5325 | D:6      | Reached skill level 5 in Fighting
  5396 | D:6      | Found a sand-covered staircase.
  5421 | Ossuary  | Entered an ossuary
  6169 | Temple   | Entered the Ecumenical Temple
  6917 | D:6      | You fall into a shaft and drop 1 floor!
  7003 | D:7      | Noticed a hornet
  7161 | D:7      | Killed a hornet
  7446 | D:7      | Reached skill level 10 in Fighting
  7446 | D:7      | Reached XP level 10. HP: 68/68 MP: 20/22
  8583 | D:8      | Reached skill level 5 in Conjurations
  8894 | D:8      | Reached skill level 1 in Maces & Flails
  9221 | D:9      | Noticed a two-headed ogre
  9232 | D:9      | Killed a two-headed ogre
  9429 | D:9      | Reached skill level 5 in Maces & Flails
  9429 | D:9      | Noticed Erica
  9465 | D:9      | Killed Erica
 10060 | D:9      | Reached XP level 11. HP: 72/72 MP: 20/23
 10094 | D:9      | Found a glowing silver altar of Zin.
 10097 | D:9      | Found an ancient bone altar of Kikubaaqudgha.
 10235 | D:10     | Entered Level 10 of the Dungeon
 10235 | D:10     | Noticed Joseph
 10360 | D:10     | Killed Joseph
 10440 | D:10     | Found a radiant altar of Vehumet.
 10441 | D:10     | Found a shadowy altar of Dithmenos.
 10450 | D:10     | Became a worshipper of Vehumet
 10767 | D:10     | Found a staircase to the Orcish Mines.
 11051 | D:9      | Reached * piety under Vehumet
 11051 | D:9      | Offered knowledge of Magic Dart by Vehumet.
 11158 | D:10     | Noticed a two-headed ogre
 11161 | D:10     | Noticed Maurice
 11255 | D:10     | Killed a two-headed ogre
 11265 | D:9      | Something stole a +6 ring of intelligence
 11268 | D:9      | Something stole a +1 spear of flaming
 11269 | D:9      | Something stole 153 gold
 11276 | D:9      | Something stole 401 gold
 11286 | D:9      | Killed Maurice
 11440 | D:10     | Found Ceangipe's Jewellery Shop.
 11491 | D:10     | Reached skill level 10 in Maces & Flails
 12049 | D:11     | Noticed a two-headed ogre
 12064 | D:11     | Killed a two-headed ogre
 12238 | D:11     | Found a staircase to the Lair.
 12286 | D:11     | Noticed a cyclops
 12303 | D:11     | Killed a cyclops
 12304 | D:11     | Reached skill level 8 in Earth Magic
 12929 | Lair:1   | Entered Level 1 of the Lair of Beasts
 13004 | Lair:1   | Reached skill level 9 in Earth Magic
 13141 | Lair:1   | Reached XP level 12. HP: 66/77 MP: 23/25
 13342 | Lair:1   | Reached skill level 10 in Earth Magic
 13343 | Lair:1   | Offered knowledge of Sting by Vehumet.
 13355 | Lair:1   | Reached ** piety under Vehumet
 13537 | Lair:1   | Found a blossoming altar of Fedhas.
 13843 | Lair:1   | Found a blossoming altar of Fedhas.
 14145 | Lair:1   | Reached skill level 11 in Earth Magic
 14185 | Lair:1   | Noticed Maggie
 14205 | Lair:1   | Killed Maggie
 14605 | Lair:2   | Noticed flinch's ghost (journeyman DsFi)
 14605 | Lair:2   | Found a runed translucent door.
 14929 | Lair:2   | Reached skill level 12 in Earth Magic
 14999 | Lair:2   | Reached skill level 10 in Spellcasting
 15269 | Lair:2   | Found a hole to the Spider Nest.
 15513 | Lair:2   | Found a sacrificial altar of Ru.
 15705 | Lair:2   | Reached skill level 13 in Earth Magic
 15807 | Lair:2   | Noticed a boulder beetle
 15824 | Lair:2   | Killed a boulder beetle
 15825 | Lair:2   | Reached XP level 13. HP: 46/82 MP: 25/27
 16265 | D:4      | Bought a warped glaive for 207 gold pieces
 16265 | D:4      | Identified the +10 glaive "Buwynn" {speed, ^Contam rN+
                  | Str+3} (You bought it in a shop on level 4 of the Dungeon)
 16265 | D:4      | Bought a faintly glowing long sword for 153 gold pieces
 16265 | D:4      | Identified the +1 long sword of Wondrous Power {heavy,
                  | ^Contam rF+ rCorr} (You bought it in a shop on level 4 of
                  | the Dungeon)
 16392 | D:10     | Noticed Lodul
 16403 | D:10     | Killed Lodul
 16626 | Lair:3   | Reached skill level 14 in Earth Magic
 16634 | Lair:3   | Offered knowledge of Scorch by Vehumet.
 17038 | Lair:3   | Reached *** piety under Vehumet
 17136 | Lair:3   | Found a staircase to the Shoals.
 17433 | Lair:3   | You fall into a shaft and drop 2 floors!
 17433 | Lair:5   | Entered Level 5 of the Lair of Beasts
 17687 | Lair:4   | Found a gate leading to a gauntlet.
 17871 | Lair:4   | Reached skill level 15 in Earth Magic
 17878 | Gauntlet | Entered a Gauntlet
 17878 | Gauntlet | Found a transporter.
 17878 | Gauntlet | Found a transporter.
 17878 | Gauntlet | Found a transporter.
 17964 | Gauntlet | Found a transporter.
 17967 | Gauntlet | Found a transporter.
 17983 | Gauntlet | Found a transporter.
 17984 | Gauntlet | Found a transporter.
 17991 | Gauntlet | Found a transporter.
 17999 | Gauntlet | Found a transporter.
 18017 | Gauntlet | Found a transporter.
 18025 | Gauntlet | Found a transporter.
 18042 | Gauntlet | Found a transporter.
 18595 | Gauntlet | Identified the +1 pair of boots "Polioc" {rElec rPois Str-3
                  | Dex-5}
 19039 | Gauntlet | Found the +5 robe of Night {Dark Will+ SInv}
 19039 | Gauntlet | Noticed a minotaur
 19055 | Gauntlet | Killed a minotaur
 19198 | Gauntlet | Identified the staff of Vehumet, Sheltering {rPois Str+5
                  | Alchemy}
 19199 | Gauntlet | Got the Folio of the End
 19215 | Lair:4   | Offered knowledge of Fulminant Prism by Vehumet.
 19599 | Lair:4   | Found a staircase to the Slime Pits.
 19599 | Lair:4   | Found a viscous altar of Jiyva.
 19842 | Lair:4   | Found a runed translucent gate.
 19842 | Lair:4   | Found a runed translucent gate.
 19842 | Lair:4   | Found a runed translucent gate.
 20011 | Lair:4   | Noticed Oria's ghost (journeyman GnSh)
 20494 | Lair:5   | Reached skill level 16 in Earth Magic
 20841 | Lair:5   | Reached **** piety under Vehumet
 21052 | Lair:5   | Gained mutation: Your large and strong wings let you fly.
                  | [Gargoyle growth]
 21052 | Lair:5   | Reached XP level 14. HP: 39/88 MP: 17/29
 21318 | Lair:5   | Reached skill level 17 in Earth Magic
 21409 | Lair:5   | Offered knowledge of Freezing Cloud by Vehumet.
 21498 | Lair:5   | Noticed a dire elephant
 22185 | Lair:5   | Noticed a dire elephant
 22206 | Lair:5   | Killed a dire elephant
 22576 | Lair:5   | Found a burning altar of Makhleb.
 23124 | Lair:5   | Reached skill level 18 in Earth Magic
 23221 | Lair:5   | Found a gateway to Hell.
 23229 | Lair:5   | Got the Precepts of Clouds and the Queen Bee
 24602 | D:12     | Found a portal to a secret trove of treasure.
 24631 | D:12     | Noticed Sonja
 24634 | D:12     | Killed Sonja
 24996 | D:12     | Noticed Nessos
 24999 | D:12     | Killed Nessos
 25625 | D:13     | Reached ***** piety under Vehumet
 25927 | D:13     | Offered knowledge of Airstrike by Vehumet.
 25927 | D:13     | Noticed an ironbound preserver
 25928 | D:13     | Reached skill level 19 in Earth Magic
 26200 | D:13     | Found a gate to the Vaults.
 26386 | D:13     | Killed an ironbound preserver
 27526 | D:14     | Reached XP level 15. HP: 18/92 MP: 12/32
 27846 | D:15     | Entered Level 15 of the Dungeon
 28491 | D:15     | Identified the +7 hand axe of the Crawling Thing
                  | {antimagic, Dex+2}
 28495 | D:15     | Found Ynozaj's Antique Weapon Emporium.
 29094 | D:15     | Noticed Jorgrun
 29101 | D:15     | Killed Jorgrun
 29102 | D:15     | Reached skill level 20 in Earth Magic
 29423 | D:15     | Found a staircase to the Depths.
 29504 | D:15     | Found a runed translucent gate.
 29504 | D:15     | Found a runed translucent gate.
 29504 | D:15     | Found a runed translucent gate.
 29507 | D:15     | Noticed kuniqs's ghost (journeyman CoGl)
 29593 | D:15     | Learned a level 5 spell: Borgnjor's Vile Clutch
 29742 | Shoals:1 | Entered Level 1 of the Shoals
 30375 | Shoals:1 | Identified the +3 war axe "Oshracyv" {flame, *Slow rPois
                  | rF+ rCorr}
 30842 | Shoals:1 | Found Ydirch's Antique Armour Shop.
 30933 | Shoals:1 | Bought a scorched cloak for 218 gold pieces
 30933 | Shoals:1 | Identified the +0 cloak of the Evening Star {rC+ Dex-2
                  | Slay+5} (You bought it in a shop on level 1 of the Shoals)
 31418 | Shoals:1 | Got the Spellbook of Blasted Illusion
 31492 | Shoals:1 | Reached skill level 21 in Earth Magic
 33311 | Shoals:2 | Identified the +4 tower shield of Ashenzari's Favour
                  | {^Drain Int+5}
 33341 | Shoals:2 | Noticed Frances
 33353 | Shoals:2 | Killed from afar by Frances

Illustrated notes

Levels and vault maps discovered:
D:1:      amcnicky_arrival_blooded_trapdoor, layout_basic,
          minmay_misc_feat_alley
D:2:      wander_river, layout_basic, serial_shops, nicolae_shop_hallway_plus,
          nicolae_shop_advertising_works [nicolae_subvault_shop_adworks],
          nicolae_shop_stone, shop, nicolae_shop_gibbet_a_chance
D:3:      layout_loops_ring, serial_shops, nicolae_shop_rolling_square
D:4:      layout_loops_cross, serial_shops, nicolae_shop_stone,
          kennysheep_generic_room_12, uniq_robin, uniq_blork_the_orc,
          uniq_natasha
D:5:      layout_rooms, chequers_serial_rivers_micro_e
D:6:      layout_loops_corners, minmay_temple_entry_mist, serial_glass,
          glass_columns_a, glass_columns_a,
          nicolae_ossuary_entry_false_entrances
D:7:      layout_loops_cross, item_on_display_a
D:8:      layout_rooms
D:9:      layout_long_grid, jmf_multi_god_temple2,
          nicolae_twisty_statue_hallways, uniq_erica
D:10:     layout_long_grid, grunt_temple_overflow_open, hiddenorc1_lemuel,
          serial_shops, nicolae_shop_tiny_real_fake_doors, uniq_joseph,
          uniq_lodul, uniq_maurice
D:11:     layout_basic, erik_lair_orcish_takeover
D:12:     layout_basic, nicolae_trove_entry_crystal, uniq_nessos, uniq_sonja
D:13:     layout_loops_ring, hellmonk_vaults_order_and_chaos
D:14:     layout_cave_pools, serial_park_fountain
D:15:     grunt_enter_depths_magical_seal, layout_grid_maze, serial_ice,
          serial_ice_i, serial_ice_e, serial_ice_d, serial_ice_a,
          amcnicky_mini_pool_small, ebering_ghost_rock_garden, serial_shops,
          shop, uniq_jorgrun
Temple:   compressed_dpeg_circular_temple
Lair:1:   layout_small_grid, cheibrodos_lair_caveside_slide,
          hangedman_tree_tricks, tgw_fedhas, grunt_megastairs_3,
          lemuel_fruit_tree, serial_bayou_shore_a, infiniplex_staircase_pool_2,
          uniq_maggie
Lair:2:   layout_hall_layers, hellmonk_spider_entry_not_the_bees,
          hellmonk_ghost_happy_afterlife, basic_altar
Lair:3:   layout_hall_layers, minmay_shoals_entry_beasts
Lair:4:   layout_gridlike, minmay_slime_entry_jelly_boxes, gammafunk_ghost_icy,
          gauntlet_entry_generic
Lair:5:   evil_forest, layout_gridlike, grunt_megastairs_2
Shoals:1: cheibrodos_shoals_three_sisters, layout_shoals, serial_shops, shop,
          hangedman_shoal_volcano
Shoals:2: nzn_motion_control, layout_shoals, serial_shops, nicolae_square_shop,
          nicolae_shoals_mertower, uniq_frances

Skill      XL: |  1  2  3  4  5  6  7  8  9 10 11 12 13 14 15 |
---------------+----------------------------------------------+-----
Earth Magic    | 4 5 6 7 9 13 16 19 21 | 21.7
Spellcasting   | 3 4 7 8 9 10 11 13 14 | 14.3
Fighting       | 4 10 | 10.0
Conjurations   | 5 |  5.3
Maces & Flails | 7 10 | 10.5
Dodging        | |  1.5
Stealth        | |  2.1

Action                     |  1- 3 |  4- 6 |  7- 9 | 10-12 | 13-15 || total
---------------------------+-------+-------+-------+-------+-------++-------
  Melee: Dire flail        |       |       |       |   212 |   352 ||   564
         Unarmed           |       |       |       |    12 |       ||    12
   Cast: Sandblast         |    42 |    68 |   224 |   329 |    19 ||   682
         Stone Arrow       |       |       |     7 |    51 |   705 ||   763
    Use: Scroll            |     1 |     5 |     2 |    15 |    29 ||    52
         Potion            |       |       |     1 |     3 |     3 ||     7
 Armour: Robe              |    10 |    41 |   104 |    98 |       ||   253
         Skin              |       |       |       |    29 |       ||    29
         Ring mail         |       |       |       |   238 |       ||   238
         Acid dragon scale |       |       |       |   187 |   716 ||   903
  Dodge: Dodged            |     5 |    25 |    82 |   284 |   317 ||   713
  Block: Other             |       |       |       |    57 |   130 ||   187
         Reflection        |       |       |       |       |     9 ||     9

Table legend: (Time is in decaauts)
 A = Elapsed time spent in this place.
 B = Non-inter-level travel time spent in this place.
 C = Inter-level travel time spent in this place.
 D = Time resting spent in this place.
 E = Time spent auto-exploring this place.
 F = Levels seen in this place.
 G = Mean time per level.
                   A        B        C        D        E       F      G
               +--------+--------+--------+--------+--------+-----+--------+
         Total |  33674 |  31946 |   1728 |   6026 |  20739 |  25 | 1347.0 |
       Dungeon |  19270 |  18087 |   1183 |   3411 |  12012 |  15 | 1284.7 |
        Temple |    143 |    143 |      0 |    137 |      0 |   1 |  143.0 |
          Lair |   9229 |   8716 |    513 |   1825 |   5616 |   5 | 1845.8 |
        Shoals |   3147 |   3116 |     31 |    494 |   2041 |   2 | 1573.5 |
       Ossuary |    580 |    580 |      0 |      0 |    429 |   1 |  580.0 |
      Gauntlet |   1303 |   1303 |      0 |    159 |    640 |   1 | 1303.0 |
               +--------+--------+--------+--------+--------+-----+--------+

Top non-repeatable levels by time:
Shoals:1: 2762 daAuts
  Lair:5: 2661 daAuts
     D:4: 2408 daAuts
  Lair:2: 1866 daAuts
  Lair:1: 1782 daAuts
    D:15: 1767 daAuts
  Lair:4: 1752 daAuts
     D:9: 1692 daAuts
    D:13: 1649 daAuts
    D:10: 1612 daAuts
     D:6: 1526 daAuts
    D:12: 1436 daAuts
    D:11: 1418 daAuts
Gauntlet: 1303 daAuts
  Lair:3: 1165 daAuts
